 Dungeon Crawl Stone Soup version 0.29.1-2-gbd0b4ee654 (webtiles) character file.

Game seed: 4474694982597357517

77 leafyfresh the Sneak (level 4, -1/27 HPs)
             Began as an Octopode Earth Elementalist on Nov 7, 2022.
             Slain by an orc wizard
             ... wielding a +0 dagger
              (5 damage)
             ... on level 3 of the Dungeon.
             The game lasted 00:06:01 (2341 turns).

leafyfresh the Sneak (Octopode Earth Elementalist)  Turns: 2341, Time: 00:06:02

Health: -1/27      AC:  1    Str:  7    XL:     4   Next: 34%
Magic:  2/7        EV: 13    Int: 19    God:
Gold:   98         SH:  0    Dex: 12    Spells: 1/7 levels left

rFire   . . .      SeeInvis .   b - staff of conjuration
rCold   . . .      Faith    .   (no shield)
rNeg    . . .      Spirit   .   (helmet restricted)
rPois   .          Reflect  .   (no amulet)
rElec   .          Harm     .   (no ring)
rCorr   .          Rampage  .   (no ring)
Will    .....                   (no ring)
Stlth   +++.......              (no ring)
HPRegen 0.09/turn               (no ring)
MPRegen 0.10/turn               (no ring)
                                (no ring)
                                (no ring)

@: no status effects
A: almost no armour, amphibious, 8 rings, camouflage 1, gelatinous body 1,
(nimble swimmer 1), tentacles
a: no special abilities


You were on level 3 of the Dungeon.
You visited 1 branch of the dungeon, and saw 3 of its levels.

You collected 98 gold pieces.

Inventory:

Magical Staves
 b - a staff of conjuration (weapon)
Scrolls
 d - a scroll of teleportation {unknown}
 e - a scroll of immolation {unknown}
 f - a scroll of magic mapping {unknown}
 h - 2 scrolls of identify {unknown}
 i - a scroll of enchant armour {unknown}
Potions
 a - a potion of magic
 c - a potion of invisibility {unknown}
 g - a potion of cancellation
 j - a potion of degeneration {unknown}


   Skills:
 - Level 2.0 Dodging
 + Level 4.2 Stealth
 - Level 2.0 Spellcasting
 + Level 1.8 Conjurations
 - Level 1.1 Transmutations
 + Level 3.7 Earth Magic


You had one spell level left.
You knew the following spells:

 Your Spells              Type           Power      Damage    Failure   Level
a - Sandblast             Erth           32%        2d9       3%          1
b - Passwall              Tmut/Erth      9%         N/A       10%         2
c - Stone Arrow           Conj/Erth      36%        3d9       16%         3

Your spell library contained the following spells:

 Spells                   Type           Power      Damage    Failure   Level
 Magic Dart               Conj           52%        1d5       8%          1
 Call Imp                 Summ           1%         N/A       26%         2
 Scorch                   Fire           2%         2d5       26%         2
 Mephitic Cloud           Conj/Pois/Air  6%         N/A       36%         3
 Inner Flame              Hex/Fire       1%         N/A       45%         3
 Petrify                  Tmut/Erth      11%        N/A       52%         4
 Iron Shot                Conj/Erth      9%         9d3       100%        6


Dungeon Overview and Level Annotations

Branches:
Dungeon (3/15)

Altars:


Innate Abilities, Weirdness & Mutations

You cannot wear most types of armour.
You are amphibious.
You can wear up to eight rings at the same time.
Your skin changes colour to match your surroundings (Stealth+).
Your rubbery body absorbs attacks. (AC +1, EV +1)
((You are camouflaged when in or above water. (Stealth+)))
You have tentacles for arms and can constrict up to eight enemies at once.


Message History

You hear some strange, mumbled words.
You are confused.
Unknown command.
You're too confused to cast spells.
Sorry, you're not good enough to have a special ability.
Unknown command.
Unknown command.
You're too confused to cast spells.
Sorry, you're not good enough to have a special ability.
Unknown command.
Unknown command.
Unknown command.
You bump into the rock wall.
Something hits you.
You completely miss something. Something barely misses you.
Unknown command.
You bump into the rock wall.
The kobold hits you with a +4 dagger. Something hits you.
* * * LOW HITPOINT WARNING * * *
Unknown command.
Something hits you.
* * * LOW HITPOINT WARNING * * *
Items here: )))) [[ †††.
You're too confused to cast spells.
Sorry, you're not good enough to have a special ability.
Unknown command.
Unknown command.
Unknown command.
You're too confused to cast spells.
Sorry, you're not good enough to have a special ability.
Unknown command.
You're too confused to cast spells.
Sorry, you're not good enough to have a special ability.
Unknown command.
Unknown command.
It was a potion of cancellation.
Your magical effects are unravelling.
You feel magically purged.
You feel less confused. The kobold misses you. Something hits you.
You die...

#.....# #.#
#..... #.# .
###....####
#.### ..
#......'..#
#<... ...
#.#....##.#
#.### ....
#....##.# #.#
#
#..###....##.#
#.# #
#...K######.#
#.### ####@#
#.# #...# #..#
#.#####.#.#
##..#
#.......#.#
#..#
#######.#.#
#.# #.#.. ..
#.### .# #.#
.# #.# #.#


You could see a kobold.

Vanquished Creatures
  2 adders (D:2)
  A worm (D:2)
  2 dart slugs
  4 orcs (D:3)
  2 ball pythons (D:1)
  6 bats
  3 endoplasms (D:1)
  2 hobgoblins
  3 jackals (D:1)
  6 kobolds
  6 quokkas
  3 frilled lizards (D:1)
  2 goblins (D:1)
  4 rats
46 creatures vanquished.

Notes
Turn   | Place    | Note
-------+----------+-------------------------------------------
     0 | D:1      | leafyfresh the Octopode Earth Elementalist began the quest
                  | for the Orb.
     0 | D:1      | Reached XP level 1. HP: 11/11 MP: 3/3
   254 | D:1      | Reached skill level 3 in Stealth
   273 | D:1      | Reached XP level 2. HP: 17/17 MP: 3/5
   377 | D:1      | Got the Folio of the Ashen Summer
   740 | D:1      | Reached skill level 1 in Conjurations
   740 | D:1      | Reached XP level 3. HP: 18/21 MP: 6/6
   900 | D:1      | Learned a level 2 spell: Passwall
   904 | D:1      | Learned a level 3 spell: Stone Arrow
  1243 | D:1      | Found a faded altar of an unknown god.
  1723 | D:2      | Reached skill level 4 in Stealth
  1811 | D:2      | Reached XP level 4. HP: 27/27 MP: 7/7
  2209 | D:2      | Identified the +4 scale mail of Ujiuquap {rF+}
  2341 | D:3      | Slain by an orc wizard

Illustrated notes

Levels and vault maps discovered:
D:1:      lemuel_arrival_behind_the_door_small, layout_loops_ring,
          basic_ecumenical_altar, wad_floor_pattern_2,
          dreamdust_princess_corridor, minivault_23
D:2:      layout_rooms
D:3:      layout_basic

Skill      XL: |  1  2  3 |
---------------+----------+-----
Stealth        | 3 4 |  4.2
Conjurations   | 1 |  1.8
Dodging        | |  2.0
Spellcasting   | |  2.0
Transmutations | |  1.1
Earth Magic    | |  3.7

Action                   |  1- 3 |  4- 6 || total
-------------------------+-------+-------++-------
Melee: Unarmed           |     8 |       ||     8
       Constrict         |    10 |     2 ||    12
       Staff             |    47 |     7 ||    54
       Tentacles         |     6 |     2 ||     8
 Cast: Sandblast         |    31 |    15 ||    46
  Use: Potion            |       |     1 ||     1
 Stab: Sleeping          |     5 |     1 ||     6
Armor: Skin              |    17 |     1 ||    18
Dodge: Dodged            |    64 |    10 ||    74
